 Dungeon Crawl Stone Soup version 0.14-a0-2340-g8df0fbc (webtiles) character file.

309 M4edhros the Vandal (level 5, 0/33 HPs)
             Began as an Octopode Hunter on Jan 30, 2014.
             Was an Initiate of Okawaru.
             Killed from afar by Eustachio (7 damage)
             ... with a wand of frost
             ... on Level 4 of the Dungeon.
             The game lasted 00:07:46 (3020 turns).

M4edhros the Vandal (Octopode Hunter)               Turns: 3020, Time: 00:07:47

HP   0/33        AC  1     Str 11      XL: 5   Next: 85%
MP   5/5         EV 18     Int 19      God: Okawaru [......]
Gold 102         SH  0     Dex 18      Spells:  0 memorised,  4 levels left

rFire  . . .     SeeInvis .     i - +0 spear
rCold  . . .     Clarity  .     (no shield)
rNeg   . . .     Conserve .     (helmet restricted)
rPois  .         rCorr    .     (no amulet)
rElec  .         rRot     .     (no ring)
SustAb . .       Spirit   .     (no ring)
rMut   .         Warding  .     (no ring)
Saprov . . .     Stasis   .     (no ring)
MR     .....                    (no ring)
                                (no ring)
                                (no ring)
                                (no ring)

@: brilliant, agile, not resistant to hostile enchantments, very stealthy
A: almost no armour, amphibious, 8 rings, constrict 8, camouflage 1, gelatinous
body 1
a: Renounce Religion


You were on level 4 of the Dungeon.
You worshipped Okawaru.
Okawaru was noncommittal.
You were very hungry.

You visited 1 branch of the dungeon, and saw 4 of its levels.

You collected 102 gold pieces.

Inventory:

Hand weapons
 a - a +0,+0 short sword
 b - a +1,+1 sling
 i - a +0,+0 spear (weapon)
Missiles
 c - 14 sling bullets
 p - 33 stones (quivered)
Comestibles
 f - 2 bread rations
 n - an orange
Scrolls
 d - 3 scrolls of remove curse
 g - 3 scrolls of identify {unknown}
 k - a scroll of magic mapping {unknown}
 o - a scroll of teleportation {unknown}
 q - 3 scrolls of fog {unknown}
 r - a scroll of amnesia {unknown}
 t - a scroll of enchant weapon II {unknown}
 u - 2 scrolls of curse weapon {unknown}
 w - a scroll of curse armour {unknown}
Jewellery
 e - an uncursed ring of protection from fire {unknown}
Potions
 s - 2 potions of cure mutation
Magical staves
 v - an uncursed staff of wizardry


   Skills:
 - Level 1.0 Fighting
 + Level 6.9 Slings
 - Level 2.0 Dodging
 - Level 1.3 Stealth


You had 4 spell levels left.
You didn't know any spells.

Dungeon Overview and Level Annotations

Branches:
Dungeon (4/16)
 Temple: D:4-7

Altars:
Kikubaaqudgha
Okawaru
Vehumet

Annotations:
D:4 Eustachio


Innate Abilities, Weirdness & Mutations

You cannot wear most types of armour.
You are amphibious.
You can wear up to eight rings at the same time.
You can use your tentacles to constrict many enemies at once.
Your skin changes colour to match your surroundings (Stlth).
Your rubbery body absorbs attacks (AC +1).


Message History

The puff of frost hits you!
Attack whom?
Press: ? - help, Dir - move target cursor, f/p - Eustachio
Aim: Eustachio, wielding a cutlass, wearing a leather armour and carrying a wand of frost {zapped: 1} You reach to attack!
You hit Eustachio.
Eustachio is lightly wounded.
Eustachio zaps a wand.
The puff of frost hits you!
Your potion of heal wounds freezes and shatters!
Eustachio gestures wildly while chanting.
Eustachio blinks!
Found a chain mail.
Evoke which item? (* to show all) (? for menu, Esc to quit)
Okay, then.
Read which item? (? for menu, Esc to quit)
Okay, then.
Eustachio zaps a wand.
The puff of frost hits you!
* * * LOW HITPOINT WARNING * * *
You see here 12 arrows.
Eustachio zaps a wand.
The puff of frost hits you!
You die...

#.........# #.......@.###
#........... ##...[.....#
[...........# #.........#
#######(### ##.# #.@#
#.## #.# #.# #######'###
#########
#.........######........
+.........##.).'.........
#.........'..###.........
#......)..#### #.......(.


You could see Eustachio.

Vanquished Creatures
  6 gnolls
  4 adders
  A giant mite (D:1)
  2 worms (D:3)
  5 giant geckos
  An ooze (D:3)
  5 orcs (D:3)
  A ball python (D:1)
  7 giant cockroaches
  9 goblins
  9 hobgoblins
  4 jackals (D:2)
  9 kobolds
  A quokka (D:2)
  5 bats
  8 giant newts
  14 rats
  3 bushes (D:2)
  A plant (D:2)
95 creatures vanquished.

Vanquished Creatures (others)
  A human (D:3)
1 creature vanquished.

Grand Total: 96 creatures vanquished

Notes
Turn   | Place    | Note
--------------------------------------------------------------
     0 | D:1      | M4edhros, the Octopode Hunter, began the quest for the Orb.
     0 | D:1      | Reached XP level 1. HP: 13/13 MP: 1/1
     1 | D:1      | Noticed a troll zombie
     3 | D:1      | Noticed a troll zombie
    10 | D:1      | Noticed an octopode zombie
    12 | D:1      | Noticed a draconian zombie
    16 | D:1      | Noticed a centaur zombie
    16 | D:1      | Noticed an elf zombie
   111 | D:1      | Reached XP level 2. HP: 18/18 MP: 2/2
   407 | D:1      | Reached XP level 3. HP: 12/23 MP: 3/3
   627 | D:2      | Reached skill level 5 in Slings
   796 | D:2      | Reached XP level 4. HP: 26/28 MP: 4/4
   947 | D:2      | Found an iron altar of Okawaru.
   965 | D:2      | Reached skill level 6 in Slings
   974 | D:2      | Became a worshipper of Warmaster Okawaru
  1238 | D:2      | Reached XP level 5. HP: 24/33 MP: 5/5
  2621 | D:3      | Found an ancient bone altar of Kikubaaqudgha.
  2629 | D:3      | Noticed a human
  2631 | D:3      | Killed a human
  2828 | D:3      | Found a radiant altar of Vehumet.
  3013 | D:4      | Noticed Eustachio
  3020 | D:4      | Killed from afar by Eustachio

Action                   |  1- 3 |  4- 6 || total
-------------------------+-------+-------++-------
Melee: Spear             |    38 |   112 ||   150
       Short sword       |    13 |   428 ||   441
 Fire: Sling             |    22 |    17 ||    39
  Use: Potion            |       |     5 ||     5
       Scroll            |       |     1 ||     1
 Stab: Sleeping          |     4 |    13 ||    17
       Distracted        |       |     1 ||     1
